 Dungeon Crawl Stone Soup version 0.24.0-125-gc4c63601f3 (webtiles) character file.

Game seed: 13126820399111825881, levelgen mode: deterministic

81 Divind the Skirmisher (level 4, -1/40 HPs)
             Began as a Hill Orc Monk on Feb 29, 2020.
             Killed from afar by Sigmund (4 damage)
             ... with a magic dart
             ... on level 2 of the Dungeon.
             The game lasted 00:02:56 (1170 turns).

Divind the Skirmisher (Hill Orc Monk)               Turns: 1170, Time: 00:02:57

Health: -1/40      AC:  6    Str: 14    XL:     4   Next: 40%
Magic:  4/4        EV: 10    Int: 10    God:
Gold:   26         SH:  0    Dex: 13    Spells: 3/3 levels left

rFire    . . .     SeeInvis .   a - +0 falchion
rCold    . . .     Gourm    .   (no shield)
rNeg     . . .     Faith    .   m - +0 scale mail
rPois    .         Spirit   .   (no helmet)
rElec    .         Reflect  .   (no cloak)
rCorr    .         Harm     .   (no gloves)
MR       .....                  (no boots)
Stlth    ..........             (no amulet)
HPRegen  0.13/turn              (no ring)
MPRegen  0.09/turn              (no ring)

@: no status effects
A: no striking features
a: no special abilities


You were on level 2 of the Dungeon.
You were not hungry.

You visited 1 branch of the dungeon, and saw 2 of its levels.

You collected 26 gold pieces.

Inventory:

Hand Weapons
 a - a +0 falchion (weapon)
Armour
 b - a +0 robe
 i - a +0 ring mail
 m - a +0 scale mail (worn)
Scrolls
 e - 2 scrolls of remove curse {unknown}
 h - a scroll of amnesia {unknown}
 j - a scroll of identify {unknown}
 k - a scroll of blinking {unknown}
 l - a scroll of teleportation {unknown}
Potions
 d - a potion of degeneration {unknown}
 f - a potion of curing {unknown}
 g - a potion of brilliance {unknown}
Comestibles
 c - 2 rations


   Skills:
 + Level 4.3 Fighting
 + Level 4.2 Long Blades
 * Level 1.6 Armour
 + Level 2.9 Dodging
 - Level 1.5 Stealth


You had 3 spell levels left.
You didn't know any spells.
Your spell library was empty.

Dungeon Overview and Level Annotations

Branches:
Dungeon (2/15)

Altars:
Xom

Annotations:
D:2 Sigmund


Message History

You resist with some effort.
You hit Sigmund.
Sigmund is lightly wounded.
Sigmund mumbles some strange words.
Sigmund flickers and vanishes!
Deactivating autopickup; reactivate with Ctrl-A.
You hit something. Something hits you.
You hit something. Something hits you.
You miss something. You hit something but do no damage. Something hits you.
You closely miss something. Something hits you but does no damage.
You hit something. You miss something. Something hits you!
You barely miss something. Something hits you!
* * * LOW HITPOINT WARNING * * *
You miss something.
You hear some strange, mumbled words.
A magic dart appears from out of thin air!
The magic dart hits you.
You die...

.###.##.# #.#....# ....
.###.##.####.#....# ...
.##..##.........#.# ..
.##..##.##.#.#..# ..
..........<#.#..# .#
................##..###
...................>.@.
###......####..{#########
#..########...@........
###.............########.
....#########.....
###.### #.....? ......#
#.##### ###.### #. #.# #.
#.# #. ###.######


There were no monsters in sight!

Vanquished Creatures
  Jessica (D:2)
  An adder (D:2)
  An ooze (D:1)
  A worm (D:2)
  A dart slug (D:2)
  2 leopard geckos (D:2)
  A ball python (D:1)
  4 bats
  2 giant cockroaches
  8 goblins
  3 hobgoblins (D:1)
  2 kobolds
  A quokka (D:2)
  2 frilled lizards (D:1)
  6 rats
36 creatures vanquished.

Notes
Turn   | Place    | Note
-------+----------+-------------------------------------------
     0 | D:1      | Divind the Hill Orc Monk began the quest for the Orb.
     0 | D:1      | Reached XP level 1. HP: 19/19 MP: 1/1
   289 | D:1      | Reached XP level 2. HP: 25/27 MP: 2/2
   304 | D:1      | Found a shimmering altar of Xom.
   508 | D:1      | Reached skill level 1 in Armour
   612 | D:1      | Reached XP level 3. HP: 27/33 MP: 3/3
   809 | D:2      | Noticed Jessica
   817 | D:2      | Killed Jessica
   817 | D:2      | Reached XP level 4. HP: 14/40 MP: 4/4
  1153 | D:2      | Noticed Sigmund
  1170 | D:2      | Killed from afar by Sigmund

Levels and vault maps discovered:
D:1:      scummos_arrival_forest, layout_loops_cross, xom_teletrap_fun
D:2:      layout_basic, chequers_serial_rivers_room_b, uniq_jessica,
          uniq_sigmund

Skill      XL: |  1  2  3 |
---------------+----------+-----
Armour         | 1 |  1.6
Fighting       | 4 |  4.3
Long Blades    | 4 |  4.2
Dodging        | |  2.9
Stealth        | |  1.5

Action                   |  1- 3 |  4- 6 || total
-------------------------+-------+-------++-------
Melee: Falchion          |    78 |    36 ||   114
 Stab: Sleeping          |     1 |       ||     1
  Eat: Chunk             |       |     1 ||     1
Armor: Robe              |     8 |       ||     8
       Ring mail         |    12 |     7 ||    19
       Scale mail        |       |     1 ||     1
Dodge: Dodged            |    58 |    19 ||    77
       Rpst.: Falchion   |    21 |     7 ||    28
